 Dungeon Crawl Stone Soup version 0.17.0-57-g0e89251 (webtiles) character file.

47 tof the Grave Robber (level 3, -4/25 HPs)
             Began as a Vampire Necromancer on Dec 8, 2015.
             Slain by an orc
             ... wielding a +0 trident
              (8 damage)
             ... on level 2 of the Dungeon.
             The game lasted 00:23:02 (3029 turns).

tof the Grave Robber (Vampire Necromancer)          Turns: 3029, Time: 00:23:02

Health: -4/25      AC:  2    Str:  7    XL:     3   Next: 48%
Magic:  4/6        EV: 13    Int: 18    God:
Gold:   61         SH:  0    Dex: 17    Spells: 2 memorised, 4 levels left

rFire  . . .     SeeInvis +     h - +0 short sword
rCold  . . .     Clarity  .     a - +0 robe
rNeg   + + .     SustAt   .     (no shield)
rPois  .         Gourm    .     (no helmet)
rElec  .         Spirit   .     (no cloak)
rCorr  .         Warding  +     (no gloves)
rMut   .         Stasis   .     (no boots)
MR     .....                    k - amulet of warding
Stlth  +++.......               (no ring)
                                o - +3 ring of dexterity

@: not resistant to hostile enchantments, fairly stealthy
A: fangs 3, see invisible, unbreathing
a: Bat Form


You were on level 2 of the Dungeon.
You were not thirsty.

You visited 1 branch of the dungeon, and saw 2 of its levels.

You collected 61 gold pieces.

Inventory:

Hand Weapons
 h - a +0 short sword (weapon)
Armour
 a - a +0 robe (worn)
Jewellery
 k - an amulet of warding (around neck)
 o - a +3 ring of dexterity (left hand)
Scrolls
 d - 2 scrolls of enchant weapon {unknown}
 g - 2 scrolls of identify {unknown}
 i - 2 scrolls of enchant armour {unknown}
 j - a scroll of noise {unknown}
 l - a scroll of remove curse {unknown}
 n - a scroll of fog {unknown}
Potions
 c - 11 potions of blood
 e - a potion of might
 m - a potion of curing {unknown}
Books
 b - a book of Necromancy

   Spells                             Type                      Level
   a - Pain                           Necromancy                   1
   b - Animate Skeleton               Necromancy                   1
   c - Vampiric Draining              Necromancy                   3
   d - Regeneration                   Charms/Necromancy            3
   e - Animate Dead                   Necromancy                   4
   f - Control Undead                 Necromancy                   4
Comestibles
 f - 3 bread rations


   Skills:
 + Level 0.3 Fighting
 + Level 2.5 Dodging
 + Level 3.9 Stealth
 + Level 0.2 Unarmed Combat
 + Level 2.1 Spellcasting
 + Level 5.1 Necromancy


You had 4 spell levels left.
You knew the following spells:

 Your Spells              Type           Power        Failure   Level  Hunger
a - Pain                  Necr           ###.         1%          1    #......
b - Animate Skeleton      Necr           N/A          1%          1    #......


Dungeon Overview and Level Annotations

Branches:
Dungeon (2/15)

Altars:
The Shining One


Innate Abilities, Weirdness & Mutations

You have razor-sharp teeth.
You have supernaturally acute eyesight.
You can survive without breathing.


Message History

The hobgoblin hits your goblin skeleton.
Your goblin skeleton is destroyed!
The hobgoblin hits you but does no damage.
The orc hits you with a trident.
You hit the hobgoblin. You bite the hobgoblin.
You draw the hobgoblin's blood!
You feel better.
You feel slightly less thirsty.
The hobgoblin is severely wounded.
The orc barely misses you. The hobgoblin closely misses you.
The orc misses you.
You barely miss the hobgoblin.
The hobgoblin is severely wounded.
The orc hits you from afar with a trident.
The hobgoblin barely misses you. The orc hits you with a trident.
You hit the hobgoblin.
You kill the hobgoblin!
The orc closely misses you. The orc hits you with a trident.
* * * LOW HITPOINT WARNING * * *
You fail to use your ability.
The orc hits you from afar with a trident!
You die...

.......#
#########..######
####...# #..........#
#...#
#......%...#######
#...#
#...<.....>......#
#...#
#.........######.#
#...##### #.........#
#.#
#.......###.........##
#.##
####.....##...o......##
#..#
#.........@)o......#
####
#.....#######.####..#
#.....# ..o.. ..#
#.....# #.#...## ..#
####.....# # ..(## ..
#........# .g.$#
#.##.....# .#$..#
##.#####..# #.#.g..
#.........#


You could see 2 orcs.

Vanquished Creatures
  2 giant geckos (D:1)
  3 giant cockroaches (D:1)
  4 goblins
  6 hobgoblins
  4 jackals (D:1)
  2 ball pythons
  5 bats
  4 giant newts
  3 kobolds (D:1)
  10 rats
43 creatures vanquished.

Vanquished Creatures (collateral kills)
  A hobgoblin (D:2)
  A quokka (D:2)
  A giant newt (D:1)
3 creatures vanquished.

Grand Total: 46 creatures vanquished

Notes
Turn   | Place    | Note
--------------------------------------------------------------
     0 | D:1      | tof the Vampire Necromancer began the quest for the Orb.
     0 | D:1      | Reached XP level 1. HP: 13/13 MP: 3/3
     3 | D:1      | Learned a level 1 spell: Animate Skeleton
   347 | D:1      | Reached XP level 2. HP: 7/19 MP: 3/5
   717 | D:1      | Reached skill level 5 in Necromancy
  2309 | D:1      | Reached XP level 3. HP: 22/24 MP: 6/6
  2754 | D:2      | Found a glowing golden altar of the Shining One.
  3029 | D:2      | Slain by an orc

Action                   || total
-------------------------++-------
Melee: Unarmed           ||    66
       Short sword       ||    65
 Cast: Pain              ||    19
       Animate Skeleton  ||    11
 Abil: End Transformatio ||     1
       Bat Form          ||     1
  Use: Potion            ||     2
 Stab: Sleeping          ||     8
  Eat: Corpse            ||     4
